 Dungeon Crawl Stone Soup version 0.29-a0-617-g7a6b98fccd (webtiles) character file.

Game seed: 10977687730844966388

44 spaghetti the Grave Robber (level 3, -2/37 HPs)
             Began as a Gnoll Necromancer on June 17, 2022.
             Slain by a gnoll
             ... wielding a +0 spear
              (5 damage)
             ... on level 2 of the Dungeon.
             The game lasted 00:03:12 (1284 turns).

spaghetti the Grave Robber (Gnoll Necromancer)      Turns: 1284, Time: 00:03:12

Health: -2/37      AC: 21    Str:  7    XL:     3   Next: 60%
Magic:  8/9        EV:  2    Int: 16    God:
Gold:   20         SH:  0    Dex: 12    Spells: 11/12 levels left

rFire   . . .      SeeInvis .   d - +0 dagger {short}
rCold   . . .      Faith    .   (no shield)
rNeg    . . .      Spirit   .   (body armour currently unavailable)
rPois   +          Reflect  .   (helmet currently unavailable)
rElec   .          Harm     .   (cloak currently unavailable)
rCorr   .          Rampage  .   (gloves currently unavailable)
Will    .....      NoTele   +   (boots currently unavailable)
Stlth   ++........              (no amulet)
HPRegen 0.12/turn               (no ring)
MPRegen 0.11/turn               (no ring)

@: tree-form
A: stationary, stasis, torment immunity, boosted hp, (fangs 1), strong nose,
distributed training
a: no special abilities


You were on level 2 of the Dungeon.
You were a tree.
You visited 1 branch of the dungeon, and saw 2 of its levels.

You collected 20 gold pieces.


Innate Abilities, Weirdness & Mutations

You are a tree.
Your roots penetrate the ground, keeping you stationary.
You cannot be teleported.
You are immune to unholy pain and torment.
Your maximum health is greatly increased.
Your equipment is partially melded.
((You have very sharp teeth.))
Your uncanny sense of smell can sniff out nearby items.
Your experience applies equally to all skills.


   Skills:
 + Level 0.9 Fighting
 + Level 0.9 Short Blades
 + Level 0.9 Long Blades
 + Level 0.9 Axes
 + Level 0.9 Maces & Flails
 + Level 0.9 Polearms
 + Level 0.9 Staves
 + Level 0.9 Slings
 + Level 0.9 Bows
 + Level 0.9 Crossbows
 + Level 0.9 Throwing
 + Level 0.9 Armour
 + Level 4.5 Dodging
 + Level 4.2 Stealth
 + Level 0.9 Shields
 + Level 0.9 Unarmed Combat
 + Level 5.0 Spellcasting
 + Level 0.6 Conjurations
 + Level 0.6 Hexes
 + Level 0.6 Summonings
 + Level 7.1 Necromancy
 + Level 0.6 Translocations
 + Level 0.6 Transmutations
 + Level 0.6 Fire Magic
 + Level 0.6 Ice Magic
 + Level 0.6 Air Magic
 + Level 0.6 Earth Magic
 + Level 0.6 Poison Magic
 + Level 1.0 Invocations
 + Level 0.9 Evocations


You had 11 spell levels left.
You knew the following spells:

 Your Spells              Type           Power      Damage    Failure   Level
a - Necrotize             Necr           100%       1d9       1%          1

Your spell library contained the following spells:

 Spells                   Type           Power      Damage    Failure   Level
 Vampiric Draining        Necr           26%        2d7       2%          3
 Animate Dead             Necr           26%        N/A       9%          4
 Scorch                   Fire           12%        2d6       19%         2
 Agony                    Necr           26%        N/A       22%         5
 Anguish                  Hex/Necr       8%         N/A       30%         4
 Flame Wave               Conj/Fire      6%         2d5       75%         4
 Summon Cactus Giant      Summ           3%         N/A       100%        6
 Enfeeble                 Hex            3%         N/A       100%        7

Inventory:

Hand Weapons
 d - a +0 dagger (weapon) {short}
   (You took it off a goblin on level 1 of the Dungeon)
 e - a +0 club {mace}
   (You found it on level 1 of the Dungeon)
Missiles
 f - 42 stones (quivered) {throwing}
Armour
 a - a +0 robe (melded)
Jewellery
 c - a ring of resist corrosion
   (You found it on level 1 of the Dungeon)
 h - an amulet of the acrobat
   (You found it on level 1 of the Dungeon)
Scrolls
 g - a scroll of identify {unknown}

Dungeon Overview and Level Annotations

Branches:
Dungeon (2/15) Zot: 10714

Altars:

##.# ... ... ..#
∆ #.> #.# #.#
.#####♣##
#........####..#
#.#####gZ.......
∆ #gg.###..#
...g..†...#
...#....(.#
........#
...........
..........##


You could see 3 gnolls and a friendly hobgoblin skeleton.


Message History

Your adder skeleton bites the giant cockroach but does no damage.
Your rat skeleton bites the hobgoblin but does no damage.
The giant cockroach bites your adder skeleton.
The hobgoblin hits you.
* * * LOW HITPOINT WARNING * * *
The hobgoblin barely misses you. 😨 HP[-5] MP[-1]
You take 5 damage, and now have 8/25 hp.
You lost 1 mp, and now have 1/9 mp.
Casting: Necrotize (safe; 1% risk of failure)
Confirm with . or Enter, or press ? or * to list all spells.
Aiming: Necrotize (safe; 1% risk of failure)
Press: ? - help, Shift-Dir - straight line, f/p - hobgoblin
Aim: a hobgoblin (almost dead, ally target, chance to affect: 93%)
The hobgoblin writhes in agony.
You kill the hobgoblin!
The dead are walking!
Your adder skeleton closely misses the giant cockroach.
The giant cockroach barely misses your adder skeleton.
The hobgoblin hits you.
* * * LOW HITPOINT WARNING * * *
😱 HP[-5]
You take 5 damage, and now have 3/25 hp.
Casting: Necrotize (safe; 1% risk of failure)
Confirm with . or Enter, or press ? or * to list all spells.
Aiming: Necrotize (safe; 1% risk of failure)
Press: ? - help, Shift-Dir - straight line, f - hobgoblin
Aim: a hobgoblin (ally target, chance to affect: 93%)
The hobgoblin writhes in agony.
Your adder skeleton bites the giant cockroach.
The giant cockroach bites your adder skeleton.
Your frilled lizard skeleton bites the hobgoblin.
The hobgoblin closely misses you. 😱 MP[-1]
You lost 1 mp, and now have 0/9 mp.
Casting: Necrotize (safe; 1% risk of failure)
Confirm with . or Enter, or press ? or * to list all spells.
You don't have enough magic to cast this spell.
The hobgoblin attacks as you move away! The hobgoblin hits you.
* * * LOW HITPOINT WARNING * * *
Your adder skeleton bites the giant cockroach.
Your frilled lizard skeleton barely misses the hobgoblin.
The hobgoblin hits your hobgoblin skeleton.
Your magical contamination has completely faded away. 😱 HP[-2]
You take 2 damage, and now have 1/25 hp.
Your adder skeleton closely misses the giant cockroach.
Your rat skeleton bites the hobgoblin.
The hobgoblin dies!
Your rat skeleton closely misses the giant cockroach.
Your hobgoblin skeleton closely misses the giant cockroach.
There are monsters nearby!
Okay, then.
It was a potion of lignification.
You turn into a tree.
Your +0 robe melds into your body.
Your roots penetrate the ground.
Your frilled lizard skeleton barely misses the gnoll.
The gnoll hits your rat skeleton with a +0 spear. 😱 HP[+2]
You now have 37 max hp (+12).
You regained 2 hp, and now have 3/37 hp.
You hit the giant cockroach but do no damage.
The giant cockroach bites you but does no damage.
Your adder skeleton bites the giant cockroach but does no damage.
The gnoll hits your rat skeleton with a +0 spear.
Your rat skeleton is destroyed!
You hit the giant cockroach but do no damage.
The giant cockroach bites you but does no damage.
Your adder skeleton bites the giant cockroach.
The gnoll hits your frilled lizard skeleton with a +0 spear!
Your frilled lizard skeleton is destroyed!
You closely miss the giant cockroach.
The giant cockroach bites you but does no damage.
Your hobgoblin skeleton barely misses the giant cockroach.
Your adder skeleton bites the giant cockroach but does no damage.
You hit the giant cockroach.
You kill the giant cockroach!
Your adder skeleton barely misses the gnoll.
Your hobgoblin skeleton hits the gnoll. 😱 MP[+1]
You cannot move.
A gnoll comes into view. It is wielding a +0 spear.
The gnoll hits your adder skeleton with a +0 spear.
Your adder skeleton closely misses the gnoll.
The gnoll hits your adder skeleton with a +0 spear!
Your adder skeleton is destroyed!
Your hobgoblin skeleton hits the gnoll but does no damage.
You aren't carrying any items that you can evoke.
Magic courses through your body.
A gnoll comes into view. It is wielding a +2 flail of draining.
Your hobgoblin skeleton hits the gnoll. 😱 MP[+8]
Your mp is fully restored (9).
Casting: Necrotize (safe; 1% risk of failure)
Confirm with . or Enter, or press ? or * to list all spells.
Aiming: Necrotize (safe; 1% risk of failure)
Press: ? - help, Shift-Dir - straight line The gnoll writhes in agony.
The gnoll hits your hobgoblin skeleton with a +0 spear.
The gnoll hits you from afar with a +0 spear.
You die...

Skill      XL: |  1  2  3 |
---------------+----------+-----
Spellcasting   | 5 |  5.0
Invocations    | 1 |  1.0
Fighting       | |  0.9
Short Blades   | |  0.9
Long Blades    | |  0.9
Axes           | |  0.9
Maces & Flails | |  0.9
Polearms       | |  0.9
Staves         | |  0.9
Slings         | |  0.9
Bows           | |  0.9
Crossbows      | |  0.9
Throwing       | |  0.9
Armour         | |  0.9
Dodging        | |  4.5
Stealth        | |  4.2
Shields        | |  0.9
Unarmed Combat | |  0.9
Conjurations   | |  0.6
Hexes          | |  0.6
Summonings     | |  0.6
Necromancy     | |  7.1
Translocations | |  0.6
Transmutations | |  0.6
Fire Magic     | |  0.6
Ice Magic      | |  0.6
Air Magic      | |  0.6
Earth Magic    | |  0.6
Poison Magic   | |  0.6
Evocations     | |  0.9

Action                   || total
-------------------------++-------
Melee: Dagger            ||    63
       Unarmed           ||     2
       Bite              ||     5
Throw: Stone             ||    32
 Cast: Necrotize         ||    29
  Use: Potion            ||     2
 Stab: Sleeping          ||     4
Armor: Robe              ||    17
       Skin              ||     3
Dodge: Dodged            ||    63

Levels and vault maps discovered:
D:1:      ebering_trefoil_twist, layout_loops_ring,
          hellmonk_ecumenical_altar_inner_sanctum
D:2:      minmay_diamond_boxcup, layout_loops_ring, basic_altar, serial_shops,
          shop_scrolls, uniq_terence, uniq_crazy_yiuf_cottage

Notes
Turn   | Place    | Note
-------+----------+-------------------------------------------
     0 | D:1      | spaghetti the Gnoll Necromancer began the quest for the
                  | Orb.
     0 | D:1      | Reached XP level 1. HP: 13/13 MP: 6/6
     0 | D:1      | magus.rc [v1.9.6]
   474 | D:1      | Reached XP level 2. HP: 19/19 MP: 3/7
   717 | D:1      | You pick up a book of Maledictions and begin reading...
   717 | D:1      | You add the spells Anguish and Enfeeble to your library.
   724 | D:1      | You pick up a book of Scorching and begin reading...
   724 | D:1      | You add the spells Scorch, Flame Wave and Summon Cactus
                  | Giant to your library.
   954 | D:1      | Reached XP level 3. HP: 25/25 MP: 9/9
   976 | D:1      | Reached skill level 5 in Spellcasting
  1175 | D:1      | Found a faded altar of an unknown god.
  1266 | D:2      | Reached skill level 1 in Invocations
  1271 | D:2      | HP: 3/25 [hobgoblin (5)]
  1273 | D:2      | HP: 1/25 [hobgoblin (2)]
  1284 | D:2      | Slain by a gnoll

Vanquished Creatures
  An adder (D:2)
  6 bats (D:1)
  5 endoplasms (D:1)
  2 giant cockroaches
  4 goblins (D:1)
  3 hobgoblins
  A quokka (D:1)
  2 frilled lizards
  A kobold (D:1)
  4 rats
29 creatures vanquished.

Vanquished Creatures (collateral kills)
  A ball python (D:1)
  A hobgoblin (D:2)
2 creatures vanquished.

Grand Total: 31 creatures vanquished

Table legend:
 A = Non-vault XP
 B = Vault XP
 C = Vault XP percentage of total XP
 D = Non-vault monster count
 E = Vault monster count
 F = Vault count percentage of total count
                 A         B        C        D         E       F
            +---------+---------+-------+---------+---------+-------
      Total |      63 |       0 |   0.0 |      31 |       0 |   0.0
            +---------+---------+-------+---------+---------+-------
        D:1 |      42 |       0 |   0.0 |      25 |       0 |   0.0
        D:2 |      21 |       0 |   0.0 |       6 |       0 |   0.0
            +---------+---------+-------+---------+---------+-------

Illustrated notes

Table legend:
 A = Kills in this place as a percentage of kills in entire the game.
 B = Kills by you in this place as a percentage of kills by you in the entire game.
 C = Kills by friends in this place as a percentage of kills by friends in the entire game.
 D = Other kills in this place as a percentage of other kills in the entire game.
 E = Experience gained in this place as a percentage of experience gained in the entire game.
 F = Experience gained in this place divided by the number of levels of this place that you have seen.
                   A       B       C       D       E      F
               +-------+-------+-------+-------+-------+----------------------
         Total | 100.0 | 100.0 | 100.0 |   N/A | 100.0 |  31.5
       Dungeon | 100.0 | 100.0 | 100.0 |   N/A | 100.0 |  31.5
               +-------+-------+-------+-------+-------+----------------------

Table legend: (Time is in decaauts)
 A = Elapsed time spent in this place.
 B = Non-inter-level travel time spent in this place.
 C = Inter-level travel time spent in this place.
 D = Time resting spent in this place.
 E = Time spent auto-exploring this place.
 F = Levels seen in this place.
 G = Mean time per level.
                   A        B        C        D        E       F      G
               +--------+--------+--------+--------+--------+-----+--------+
         Total |   1284 |   1265 |     19 |      0 |   1044 |   2 |  642.0 |
       Dungeon |   1284 |   1265 |     19 |      0 |   1044 |   2 |  642.0 |
               +--------+--------+--------+--------+--------+-----+--------+

Top non-repeatable levels by time:
     D:1: 1260 daAuts
     D:2: 23 daAuts
